 Dungeon Crawl Stone Soup version 0.29.0-13-gc9e81de378 (webtiles) character file.

Game seed: 2215966223257112021

112 raistware the Conjurer (level 4, -4/28 HPs)
             Began as an Octopode Conjurer on Sept 9, 2022.
             Was an Initiate of Vehumet.
             Killed by miscasting Iskenderun's Mystic Blast (12 damage)
             ... on level 3 of the Dungeon.
             The game lasted 00:06:28 (3255 turns).

raistware the Conjurer (Octopode Conjurer)          Turns: 3255, Time: 00:06:29

Health: -4/28      AC:  1    Str:  6    XL:     4   Next: 93%
Magic:  5/10       EV: 17    Int: 22    God:    Vehumet [......]
Gold:   149        SH:  0    Dex: 10    Spells: 6/11 levels left

rFire   + . .      SeeInvis .   p - staff of fire
rCold   . . .      Faith    .   (no shield)
rNeg    . . .      Spirit   .   (helmet restricted)
rPois   .          Reflect  .   (no amulet)
rElec   .          Harm     .   f - +4 ring of evasion
rCorr   .          Rampage  .   (no ring)
Will    .....                   (no ring)
Stlth   +++.......              (no ring)
HPRegen 0.09/turn               (no ring)
MPRegen 0.12/turn               (no ring)
                                (no ring)
                                (no ring)

@: very slightly contaminated
A: almost no armour, amphibious, 8 rings, camouflage 1, gelatinous body 1,
(nimble swimmer 1), tentacles
a: Renounce Religion


You were on level 3 of the Dungeon.
You worshipped Vehumet.
Vehumet was noncommittal.
You visited 1 branch of the dungeon, and saw 3 of its levels.

You collected 149 gold pieces.

Inventory:

Missiles
 g - 3 javelins
Magical Staves
 p - a staff of fire (weapon)
Jewellery
 f - a +4 ring of evasion (left tentacle)
Scrolls
 d - a scroll of butterflies {unknown}
 e - 3 scrolls of identify {unknown}
 i - a scroll of poison {unknown}
 j - 2 scrolls of blinking {unknown}
 k - a scroll of magic mapping {unknown}
 o - 2 scrolls of noise {unknown}
Potions
 a - 2 potions of magic
 b - a potion of berserk rage {unknown}
 c - 3 potions of heal wounds {unknown}
 h - a potion of might {unknown}
 l - a potion of ambrosia {unknown}
 m - 3 potions of brilliance {unknown}
 q - a potion of lignification {unknown}


   Skills:
 + Level 1.0 Fighting
 - Level 2.0 Dodging
 - Level 2.6 Stealth
 + Level 4.2 Spellcasting
 + Level 4.2 Conjurations
 + Level 0.0 Translocations


You had 6 spell levels left.
You knew the following spells:

 Your Spells              Type           Power      Damage    Failure   Level
a - Magic Dart            Conj           92%        1d7       1%          1
b - Iskenderun's Mystic   Conj/Tloc      13%        2d5       41%         4

Your spell library contained the following spells:

 Spells                   Type           Power      Damage    Failure   Level
 Searing Ray              Conj           46%        2d6       3%          2
 Beastly Appendage        Tmut           8%         N/A       11%         1
 Necrotise                Necr           16%        1d4       11%         1
 Summon Small Mammal      Summ           16%        N/A       11%         1
 Dazzling Flash           Conj/Hex       26%        N/A       14%         3
 Wereblood                Tmut           4%         N/A       17%         2
 Call Canine Familiar     Summ           4%         N/A       32%         3
 Spider Form              Tmut/Pois      4%         N/A       32%         3
 Summon Guardian Golem    Hex/Summ       4%         N/A       32%         3
 Vampiric Draining        Necr           4%         2d6       32%         3
 Fulminant Prism          Conj/Hex       6%         3d7       41%         4
 Petrify                  Tmut/Erth      4%         N/A       73%         4
 Agony                    Necr           4%         N/A       97%         5
 Metabolic Englaciation   Hex/Ice        2%         N/A       97%         5
 Statue Form              Tmut/Erth      2%         N/A       100%        6


Dungeon Overview and Level Annotations

Branches:
Dungeon (3/15)

Altars:
Vehumet

Shops:
D:1 (***[   D:3 *

Annotations:
D:3 Grinder


Innate Abilities, Weirdness & Mutations

You cannot wear most types of armour.
You are amphibious.
You can wear up to eight rings at the same time.
Your skin changes colour to match your surroundings (Stealth+).
Your rubbery body absorbs attacks. (AC +1, EV +1)
((You are camouflaged when in or above water. (Stealth+)))
You have tentacles for arms and can constrict up to eight enemies at once.


Message History

Grinder zaps a wand.
The bolt of light misses you.
Aiming: Fastroot
Press: ? - help, Shift-Dir - straight line, f - Grinder
Aim: Grinder, carrying a wand of light (7)
The roots erupt in riotous growth!
Roots grab Grinder.
The grasping roots constrict Grinder.
Grinder struggles to escape constriction.
The magic dart hits Grinder but does no damage.
Grinder is lightly wounded.
The grasping roots constrict Grinder.
The roots release their grip on Grinder.
Grinder blinks!
You barely miss Grinder. Your grab misses Grinder.
Grinder is lightly wounded.
Grinder zaps a wand.
The bolt of light hits you! Grinder misses you.
Aiming: Fastroot
Press: ? - help, Shift-Dir - straight line, f/p - Grinder
Aim: Grinder, carrying a wand of light (6) (lightly wounded)
The roots erupt in riotous growth!
Roots grab Grinder.
The grasping roots constrict Grinder.
Grinder hits you.
You writhe in agony.
* * * LOW HITPOINT WARNING * * *
Unknown command.
Aiming: Fastroot
Press: ? - help, Shift-Dir - straight line, f - you, p - Grinder The roots erupt in riotous growth!
Grinder is unaffected.
The now-empty wand crumbles to dust.
The grasping roots constrict Grinder.
The roots release their grip on Grinder.
Grinder barely misses you.
Unknown command.
You aren't carrying any items that you can evoke.
Grinder zaps a wand.
The bolt of light misses you.
Casting: Magic Dart (safe; 1% risk of failure)
Confirm with . or Enter, or press ? or * to list all spells.
The spell is astonishingly dangerous to miscast (41% risk of failure)!
Continue anyway?
You miscast Iskenderun's Mystic Blast.
You are very lightly contaminated with residual magic.
You feel a strange surge of energy!
You die...

#.# #.########### #.#
##............ #.###
#..########### #...# #.##
###.#####.####
#.##.......#
#.####.##.......## #
#......##).......# #
#.####..@......#.########
##5##..)......<......
#..##.......#.#######
#...........#.#
#...#....##.#.#
#..###...##.#.#
#.#.#.#..##.#.#
#...#....##.#.#######
#...#...5...........#


You could see Grinder.

Vanquished Creatures
  A hound (D:3)
  2 adders
  A worm (D:2)
  3 orcs (D:3)
  6 bats
  5 endoplasms
  A giant cockroach (D:2)
  3 goblins
  3 hobgoblins
  7 jackals
  2 quokkas
  7 ball pythons
  2 frilled lizards
  5 kobolds
  8 rats
56 creatures vanquished.

Notes
Turn   | Place    | Note
-------+----------+-------------------------------------------
     0 | D:1      | raistware the Octopode Conjurer began the quest for the
                  | Orb.
     0 | D:1      | Reached XP level 1. HP: 11/11 MP: 3/3
    96 | D:1      | Found Qoco's Antique Weapon Boutique.
   427 | D:1      | Found Gazxudew's Assorted Antiques.
   431 | D:1      | Reached XP level 2. HP: 17/17 MP: 1/5
   486 | D:1      | Found a faded altar of an unknown god.
   625 | D:1      | Found Asivoab's Armour Emporium.
   688 | D:1      | Found Saoq's Assorted Antiques.
   730 | D:1      | Found Junwe's Assorted Antiques.
   957 | D:1      | Reached XP level 3. HP: 21/21 MP: 3/7
  2105 | D:2      | Found a radiant altar of Vehumet.
  2120 | D:2      | Became a worshipper of Vehumet
  2486 | D:3      | Found Teul's Assorted Antiques.
  2492 | D:3      | Reached XP level 4. HP: 27/27 MP: 7/9
  2921 | D:3      | Reached skill level 1 in Fighting
  3083 | D:3      | Learned a level 4 spell: Iskenderun's Mystic Blast
  3103 | D:3      | Noticed Grinder
  3255 | D:3      | Killed by miscasting Iskenderun's Mystic Blast

Illustrated notes

Levels and vault maps discovered:
D:1:      scummos_arrival_gate, layout_basic, serial_shops, shop_statue,
          nicolae_shop_overgrown_old_shop, shop, nicolae_shop_behind_doors,
          nicolae_shop_temple_entry_statues_fountains,
          hellmonk_ecumenical_altar_slurped_away
D:2:      layout_loops_ring, serial_forest, infiniplex_forest_straight_4,
          infiniplex_forest_lined_room_2, infiniplex_forest_straight_2,
          infiniplex_forest_join, infiniplex_forest_clump_tiny,
          infiniplex_forest_fountain, infiniplex_forest_straight_2,
          infiniplex_forest_end_2, infiniplex_forest_side_room, basic_altar,
          dk_noncrumbling_3
D:3:      layout_loops_ring, nicolae_overflow_crystal_walls, serial_shops,
          nicolae_shop_advertising_works [nicolae_subvault_shop_adworks],
          uniq_grinder

Skill      XL: |  1  2  3  4 |
---------------+-------------+-----
Spellcasting   | 3 4 |  4.2
Fighting       | 1 |  1.0
Dodging        | |  2.0
Stealth        | |  2.6
Conjurations   | |  4.2

Action                   |  1- 3 |  4- 6 || total
-------------------------+-------+-------++-------
Melee: Unarmed           |    14 |       ||    14
       Constrict         |     7 |     3 ||    10
       Tentacles         |     4 |     5 ||     9
       Punch             |     1 |       ||     1
       Staff             |     3 |    12 ||    15
 Cast: Magic Dart        |    70 |    29 ||    99
Evoke: Wand              |       |     3 ||     3
 Stab: Sleeping          |     1 |     2 ||     3
Armor: Skin              |       |     1 ||     1
Dodge: Dodged            |    14 |    19 ||    33
